 Seeded DCSS version 0.26.1-11-gd32895ea62 (webtiles) character file.

Game seed: 4877943717710888949 (custom seed)

320 bronco the Conjurer (level 6, -4/46 HPs)
             Began as a Demigod Conjurer on May 3, 2021.
             Slain by an orc warrior
             ... wielding a +0 halberd
              (20 damage)
             ... on level 4 of the Dungeon.
             The game lasted 00:09:57 (4797 turns).

bronco the Conjurer (Demigod Conjurer)              Turns: 4797, Time: 00:09:58

Health: -4/46      AC:  6    Str: 10    XL:     6   Next: 1%
Magic:  4/13       EV: 12    Int: 26    God:
Gold:   253        SH:  0    Dex: 14    Spells: 4/11 levels left

rFire    . . .     SeeInvis .   o - +2 rapier (speed)
rCold    + . .     Faith    .   (no shield)
rNeg     + . .     Spirit   .   r - +2 leather armour {rC+}
rPois    .         Reflect  .   k - +0 helmet (curse)
rElec    .         Harm     .   (no cloak)
rCorr    +         Rampage  .   (no gloves)
Will     .....                  (no boots)
Stlth    ++........             (no amulet)
HPRegen  0.15/turn              j - ring of positive energy
MPRegen  0.13/turn              s - ring of resist corrosion

@: no status effects
A: high mp 1
a: no special abilities


You were on level 4 of the Dungeon.
You visited 1 branch of the dungeon, and saw 4 of its levels.

You collected 253 gold pieces.

Inventory:

Hand Weapons
 o - a +2 rapier of speed (weapon)
Missiles
 g - 146 stones
Armour
 a - a +0 robe
 k - a cursed +0 helmet (worn)
 r - a +2 leather armour of cold resistance (worn)
 t - a +2 helmet
Jewellery
 j - a ring of positive energy (left hand)
 s - a ring of resist corrosion (right hand)
Wands
 q - a wand of random effects (12)
Scrolls
 f - 2 scrolls of teleportation
 i - a scroll of fog
Potions
 b - a potion of degeneration {unknown}
 c - 2 potions of cancellation
 d - 2 potions of might
 e - 2 potions of heal wounds {unknown}
 h - a potion of lignification {unknown}
 m - a potion of mutation {unknown}
 p - 2 potions of flight {unknown}


   Skills:
 + Level 0.6 Fighting
 + Level 0.4 Armour
 + Level 2.2 Dodging
 + Level 2.8 Stealth
 + Level 3.1 Spellcasting
 + Level 5.4 Conjurations


You had 4 spell levels left.
You knew the following spells:

 Your Spells              Type           Power        Failure   Level
a - Magic Dart            Conj           100%         1%          1
b - Searing Ray           Conj           64%          1%          2
c - Fulminant Prism       Conj/Hex       9%           38%         4

Your spell library contained the following spells:

 Spells                   Type           Power        Failure   Level
 Dazzling Flash           Conj/Hex       36%          12%         3
 Corona                   Hex            4%           13%         1
 Ensorcelled Hibernation  Hex/Ice        8%           19%         2
 Confusing Touch          Hex            4%           36%         3
 Tukima's Dance           Hex            4%           36%         3
 Iskenderun's Mystic Bla  Conj/Tloc      18%          38%         4


Dungeon Overview and Level Annotations

Branches:
Dungeon (4/15)
 Temple: D:4-7


Innate Abilities, Weirdness & Mutations

You have an increased reservoir of magic. (+10% MP)


Message History

The orc wizard blinks!
The orc priest begins to cast a cantrip, but forgets the words!
The orc warrior hits you from afar with a +0 halberd!
Casting: Searing Ray (safe; 1% risk of failure)
Confirm with . or Enter, or press ? or * to list all spells.
Aiming: Searing Ray (safe; 1% risk of failure)
Press: ? - help, Shift-Dir - straight line, f/p - orc warrior
Aim: an orc warrior, wielding a +0 halberd and wearing a +0 chain mail (severely wounded, 22% to evade)
The searing ray hits the orc warrior.
The orc warrior is almost dead. (Press . to maintain the ray.)
The searing ray misses the orc warrior.
The searing ray hits the orc priest but does no damage.
The orc warrior hits you from afar with a +0 halberd!!
The searing ray hits the orc warrior.
The orc warrior is almost dead.
The orc wizard casts a spell.
The orc wizard seems to speed up.
The orc warrior hits you from afar with a +0 halberd!!
You die...

#...##....##.......##
#...##....##.........
#......[............. #
#....................
#.###............#####...
#................#
#................#
#....###.......... #....#
#@o........
#...####....##...
#...#..oo........
#.###+##.?..#.... #.
.......... # ...#.......
....#...#### o....#...#
......#[..#


You could see an orc warrior, an orc priest and an orc wizard (fast).

Vanquished Creatures
  A hound (D:3)
  Ijyb (D:3)
  An iguana (D:4)
  2 worker ants (D:4)
  Robin (D:2)
  5 adders
  3 gnolls (D:3)
  An ooze (D:4)
  2 worms (D:2)
  2 dart slugs (D:1)
  2 leopard geckos
  3 orcs (D:3)
  A ball python (D:1)
  7 bats
  4 giant cockroaches
  17 goblins
  12 hobgoblins
  4 quokkas
  A frilled lizard (D:2)
  11 kobolds
  A leopard gecko skeleton (D:4)
  A quokka skeleton (D:4)
  5 rats
88 creatures vanquished.

Notes
Turn   | Place    | Note
-------+----------+-------------------------------------------
     0 | D:1      | bronco the Demigod Conjurer began the quest for the Orb.
     0 | D:1      | Reached XP level 1. HP: 14/14 MP: 5/5
   251 | D:1      | Reached skill level 4 in Conjurations
   340 | D:1      | Reached XP level 2. HP: 19/20 MP: 2/7
  1104 | D:1      | Learned a level 2 spell: Searing Ray
  1113 | D:1      | Reached XP level 3. HP: 25/26 MP: 3/8
  1585 | D:2      | Noticed Robin
  1817 | D:2      | Killed Robin
  2249 | D:2      | Reached XP level 4. HP: 33/33 MP: 7/9
  3084 | D:3      | Found a shimmering altar of Xom.
  3084 | D:3      | Found a shimmering altar of Xom.
  3085 | D:3      | Found a shimmering altar of Xom.
  3086 | D:3      | Found a shimmering altar of Xom.
  3087 | D:3      | Found a shimmering altar of Xom.
  3233 | D:3      | Noticed Ijyb
  3259 | D:3      | Killed Ijyb
  3260 | D:3      | Reached skill level 5 in Conjurations
  3366 | D:3      | Reached XP level 5. HP: 39/39 MP: 1/11
  3595 | D:3      | Found a glowing golden altar of the Shining One.
  3870 | D:3      | Found a basalt altar of Yredelemnul.
  3898 | D:3      | Noticed a profane servitor
  4289 | D:3      | Noticed an angel
  4643 | D:4      | Reached XP level 6. HP: 46/46 MP: 9/13
  4702 | D:4      | Learned a level 4 spell: Fulminant Prism
  4797 | D:4      | Slain by an orc warrior

Illustrated notes

Levels and vault maps discovered:
D:1:      dpeg_arrival_renting, layout_basic, corexii_corridor_pit,
          minmay_box_of_dots
D:2:      layout_loops_ring, chequers_serial_rivers_micro_c, uniq_robin
D:3:      layout_loops_corners, grunt_temple_overflow_holy_war, xom_redecorated,
          kennysheep_generic_room_4, uniq_ijyb
D:4:      layout_basic, pdpol_temple_overflow_zin_treasury_gozag_greed,
          kiku_gazebo_garden_becter

Skill      XL: |  1  2  3  4  5 |
---------------+----------------+-----
Conjurations   | 4 5 |  5.4
Spellcasting   | 2 3 |  3.1
Stealth        | 2 |  2.8
Dodging        | 2 |  2.2
Fighting       | |  0.6
Armour         | |  0.4

Action                   |  1- 3 |  4- 6 || total
-------------------------+-------+-------++-------
Melee: Club              |    22 |       ||    22
       Rapier            |       |    35 ||    35
 Cast: Magic Dart        |    84 |    86 ||   170
       Searing Ray       |     5 |     5 ||    10
  Use: Scroll            |       |     5 ||     5
 Stab: Sleeping          |     1 |     1 ||     2
Armor: Robe              |     6 |     2 ||     8
Dodge: Dodged            |    18 |    15 ||    33
